 Dungeon Crawl Stone Soup version 0.31-a0-963-ga325b2283a (webtiles) character file.

Game seed: 6225825822039877554

32 BinkBink the Cutter (level 3, 18/18 HPs)
             Began as a Spriggan Reaver on Oct 25, 2023.
             Quit the game on level 1 of the Dungeon.
             The game lasted 00:01:47 (983 turns).

BinkBink the Cutter (Spriggan Reaver)                Turns: 983, Time: 00:01:47

Health: 18/18      AC:  2    Str:  8    XL:     3   Next: 8%
Magic:  8/8        EV: 17    Int: 14    God:
Gold:   50         SH:  0    Dex: 15    Spells: 6/7 levels left

rFire   . . .        a - +0 short sword
rCold   . . .        (no shield)
rNeg    . . .        b - +0 robe
rPois   .            (helmet restricted)
rElec   .            (no cloak)
rCorr   .            (gloves unavailable)
SInv    +            (boots unavailable)
Will    .....        (no amulet)
Stlth   ++           (no ring)
HPRegen 0.23/turn    (no ring)
MPRegen 0.11/turn

%: no passive effects
@: very quick
A: very small, no large weapons, unfitting armour, see invisible, speed 3
a: no special abilities


You were on level 1 of the Dungeon.
You visited 1 branch of the dungeon, and saw 1 of its levels.

You collected 50 gold pieces.

Inventory:

Hand Weapons
 a - a +0 short sword (weapon)
Armour
 b - a +0 robe (worn)
Scrolls
 c - a scroll of noise {unknown}
 f - a scroll of vulnerability {unknown}
Potions
 d - a potion of lignification {unknown}
 e - a potion of resistance {unknown}
 g - a potion of curing {unknown}


   Skills:
 + Level 2.0 Fighting
 + Level 3.6 Short Blades
 + Level 3.3 Dodging
 + Level 2.1 Stealth
 - Level 2.6 Spellcasting
 - Level 2.1 Conjurations


You had 6 spell levels left.
You knew the following spells:

 Your Spells              Type           Power      Damage    Failure   Level
a - Kiss of Death         Conj/Necr      16%        2d6       14%         1

Your spell library contained the following spells:

 Spells                   Type           Power      Damage    Failure   Level
 Momentum Strike          Conj/Tloc      8%         3d8       22%         2
 Scorch                   Fire           2%         2d5       32%         2
 Hailstorm                Conj/Ice       4%         3d4       38%         3
 Gell's Gravitas          Tloc           1%         N/A       54%         3
 Teleport Other           Tloc           1%         N/A       54%         3
 Flame Wave               Conj/Fire      4%         2d5       80%         4
 Dispersal                Tloc           0%         N/A       100%        6
 Summon Cactus Giant      Summ           0%         N/A       100%        6


Dungeon Overview and Level Annotations

Branches:
Dungeon (1/15)

Altars:


Innate Abilities, Weirdness & Mutations

You are very small and have problems with some larger weapons.
You are too small for most types of armour.
You have supernaturally acute eyesight. (SInv)
You cover ground extremely quickly. (Speed+++)


Message History

The giant cockroach misses you.
You hit the giant cockroach.
The giant cockroach is almost dead.
The giant cockroach barely misses you.
You hit the giant cockroach but do no damage.
The giant cockroach is almost dead.
The giant cockroach misses you.
You hit the giant cockroach but do no damage.
The giant cockroach is almost dead.
The giant cockroach closely misses you.
You closely miss the giant cockroach.
The giant cockroach is almost dead.
The giant cockroach bites you but does no damage.
You closely miss the giant cockroach.
The giant cockroach is almost dead.
The giant cockroach closely misses you.
You hit the giant cockroach but do no damage.
The giant cockroach is almost dead.
The giant cockroach bites you.
You hit the giant cockroach.
You kill the giant cockroach!
No target in view!
No target in view!
A bat comes into view.
A bat is nearby!
A bat is nearby!
The bat misses you.
You hit the bat.
You kill the bat!
No target in view!
No target in view!
Found a club.
You see here a +0 club.
Done exploring.
Done exploring.
Done exploring.
Done exploring.
Unknown command.
Unknown command.
Are you sure you want to abandon this character and quit the game? (Confirm with "yes".)

#.#..........#....
#.#.##.#######....
#.#.##.# #....
#.#.##.# #.... ###
#.#.##.#######....
#.#
#.#.##.#..........
#.#
#.#.##.#.#########
#.###.#.##.#.......#
#
#....@#.##†#######.#
#.###.#.......# #.#
###)########.##.#
#.#
#............##.#
#.###
###############.#
#.##. #.# #.##. #.#
#.##. #.# #.##. #.#
#.###


There were no monsters in sight!

Vanquished Creatures
  A dart slug (D:1)
  5 ball pythons (D:1)
  3 endoplasms (D:1)
  3 giant cockroaches (D:1)
  3 goblins (D:1)
  2 hobgoblins (D:1)
  A kobold (D:1)
  A quokka (D:1)
  3 bats (D:1)
  2 frilled lizards (D:1)
  2 rats (D:1)
26 creatures vanquished.

Notes
Turn   | Place    | Note
-------+----------+-------------------------------------------
     0 | D:1      | BinkBink the Spriggan Reaver began the quest for the Orb.
     0 | D:1      | Reached XP level 1. HP: 10/10 MP: 5/5
   191 | D:1      | Reached skill level 1 in Stealth
   224 | D:1      | Reached XP level 2. HP: 10/15 MP: 6/6
   699 | D:1      | Reached XP level 3. HP: 18/18 MP: 8/8
   983 | D:1      | Quit the game

Illustrated notes

Levels and vault maps discovered:
D:1:      onia_arrival_pyramid, layout_basic

Skill      XL: |  1  2 |
---------------+-------+-----
Stealth        | 1 2 |  2.1
Dodging        | 3 |  3.3
Fighting       | 2 |  2.0
Short Blades   | |  3.6
Spellcasting   | |  2.6
Conjurations   | |  2.1

Action                     || total
---------------------------++-------
  Melee: Short sword       ||   139
         Punch             ||     1
   Stab: Sleeping          ||     3
 Armour: Robe              ||    35
  Dodge: Dodged            ||   101

Table legend: (Time is in decaauts)
 A = Elapsed time spent in this place.
 B = Non-inter-level travel time spent in this place.
 C = Inter-level travel time spent in this place.
 D = Time resting spent in this place.
 E = Time spent auto-exploring this place.
 F = Levels seen in this place.
 G = Mean time per level.
                   A        B        C        D        E       F      G
               +--------+--------+--------+--------+--------+-----+--------+
         Total |    675 |    675 |      0 |     17 |    476 |   1 |  675.0 |
       Dungeon |    675 |    675 |      0 |     17 |    476 |   1 |  675.0 |
               +--------+--------+--------+--------+--------+-----+--------+

Top non-repeatable levels by time:
     D:1: 675 daAuts
